Cogmind - Beta 13 @@@ ROGUE MODE // 2024.04.11 @ 16:23:24 Player: Tuks Result: Destroyed by G-34 Mercenary with Small Laser Performance ------------- Evolutions (0) 0 Regions Visited (2) 400 Robots Destroyed (13) 65 Value Destroyed (311) 311 Prototype IDs (0) 0 Alien Tech Used (0) 0 Bonus (0) 0 TOTAL SCORE: 776 Bonus ------- None Cogmind --------- Core Integrity 0/250 Matter 300/300 Energy 153/160 System Corruption 0% Temperature Cool (11) Movement Walking (120) Location -10/Mines Parts ------- > --- POWER (1) -------- Light Nuclear Core > --- PROPULSION (2) --- Aluminum Leg Aluminum Leg > --- UTILITY (2) ------ Improved Heat Sink Small Storage Unit > --- WEAPON (2) ------- Beamcaster > --- INVENTORY (8) ---- Ion Engine High-capacity Storage Unit Large Battery (200) Assault Rifle Light Assault Rifle Grenade Launcher Mining Laser Peak State ------------ > --- POWER ------------ Light Nuclear Core > --- PROPULSION ------- Aluminum Leg Aluminum Leg > --- UTILITY ---------- Improved Heat Sink Small Storage Unit > --- WEAPON ----------- Beamcaster > --- INVENTORY -------- Ion Engine High-capacity Storage Unit Large Battery Assault Rifle Light Assault Rifle Grenade Launcher Mining Laser [Rating: 14] Favorites ----------- Power Ion Engine Engine Ion Engine Power Core Light Nuclear Core Propulsion Aluminum Leg Leg Aluminum Leg Utility Small Storage Unit Device Improved Heat Sink Storage Small Storage Unit Weapon Assault Rifle Energy Gun Beamcaster Ballistic Gun Assault Rifle Special Weapon Mining Laser Build | -11 -10 -10 ------- Run | Yrd Mat Min Slots Evolved . | . . . Power . | . . . Propulsion . | . . . Utility . | . . . Weapon . | . . . Parts Attached 14 | 4 4 6 Power 3 | 1 1 1 Engine 2 | 1 1 . Core 1 | . . 1 Reactor . | . . . Propulsion 4 | 2 1 1 Treads . | . . . Leg 4 | 2 1 1 Wheel . | . . . Hover . | . . . Flight . | . . . Utility 2 | 1 . 1 Device 1 | . . 1 Storage 1 | 1 . . Processor . | . . . Hackware . | . . . Protection . | . . . Artifact . | . . . Weapon 5 | . 2 3 Energy Gun 1 | . . 1 Energy Cannon . | . . . Ballistic Gun 3 | . 2 1 Ballistic Cannon . | . . . Launcher . | . . . Special Weapon 1 | . . 1 Impact Weapon . | . . . Slashing Weapon . | . . . Piercing Weapon . | . . . Special Melee Weapon . | . . . Unidentified Prototypes . | . . . Parts Lost 4 | . 2 2 Power 1 | . 1 . Propulsion 2 | . 1 1 Utility . | . . . Weapon 1 | . . 1 Highest Loss Streak 2 | . 2 1 To Critical Strikes . | . . . Average Slot Usage (%) 77 | . 78 77 Engine 9 | . 12 7 Core 4 | . . 6 Leg 22 | . 25 20 Device 4 | . . 6 Storage 14 | . 14 14 Energy Gun 4 | . . 6 Ballistic Gun 15 | . 25 10 Special Weapon 2 | . . 3 Naked Turns . | . . . Heaviest Build 16 | 10 14 16 Greatest Support 20 | 20 20 20 Greatest Overweight (x) 1 | . 1 1 Average Overweight (x) . | . . . Largest Inventory Capacity 8 | 8 8 8 Average Capacity 7 | 7 8 8 Most Carried 8 | 5 8 8 Average Carried 6 | 3 6 6 Final Capacity 8 | 8 8 8 Final Carried 7 | 4 6 7 Class Distribution -------------------- 70% | Mutant 29% | Scavenger-Mutant Dominant Class ---------------- Mutant | -10/Materials Scavenger-Mutant | -10/Mines Resources | -11 -10 -10 ----------- Run | Yrd Mat Min Matter Collected 527 | 176 170 181 Remotely . | . . . Salvage Created 404 | . 257 147 Parts 29 | . 15 14 Haulers Intercepted . | . . . Recyclers Shooed 1 | . . 1 Parts Field Recycled . | . . . Retrieved Matter . | . . . Parts Self-Destructed . | . . . Prevented . | . . . Kills | -11 -10 -10 ------- Run | Yrd Mat Min Combat Hostiles Destroyed 13 | . 8 5 Guns 13 | . 8 5 Classes Destroyed 2 | . 2 . Swarmer 6 | . 3 3 Grunt 7 | . 5 2 Best Kill Streak 4 | . 4 3 Combat Bots Only 4 | . 4 3 Max Kills in Single Turn 2 | . 2 1 Gunslinging 1 | . 1 . Exploded . | . . . Melee . | . . . Uniques/NPCs Destroyed . | . . . Combat | -11 -10 -10 -------- Run | Yrd Mat Min Hostile Shots Fired 112 | . 68 44 Missed 33 | . 18 15 Damage Taken 827 | . 513 314 Core 253 | . 110 143 Absorbed by Shields . | . . . Core Remaining (%) 100 | 100 . . Volleys Fired 47 | . 22 25 Largest 2 | . 2 2 Hottest 100 | . 40 100 Shots Fired 78 | . 44 34 Gun 76 | . 44 32 Cannon . | . . . Launcher . | . . . Special 2 | . . 2 Kinetic 69 | . 44 25 Thermal 9 | . . 9 Explosive . | . . . Electromagnetic . | . . . Robot Hit Streak 10 | . 10 10 Robot Miss Streak 5 | . 2 5 Penetration Max . | . . . Secondary Targets 3 | . 1 2 Max Gunslinging Chain 1 | . 1 1 Shots Hit Robots 54 | . 32 22 Core Hits 19 | . 11 8 Critical Kills . | . . . Critical Parts Destroyed . | . . . Critical Strikes 2 | . . 2 Burn 2 | . . 2 Melee Attacks . | . . . Impact . | . . . Slashing . | . . . Piercing . | . . . Sneak Attacks . | . . . Combat Hostiles . | . . . Follow-up Attacks . | . . . Damage Inflicted 732 | . 387 345 Guns 732 | . 387 345 Cannons . | . . . Explosions . | . . . Melee . | . . . Ramming . | . . . Kinetic 606 | . 387 219 Thermal 126 | . . 126 Explosive . | . . . Electromagnetic . | . . . Impact . | . . . Slashing . | . . . Piercing . | . . . Highest Corruption . | . . . Average Corruption . | . . . Corruption Purged . | . . . Corruption Blocked . | . . . Overload Shots . | . . . Overflow Damage . | . . . Projectiles . | . . . Explosions . | . . . Melee . | . . . Knockbacks . | . . . Impact . | . . . Kinetic . | . . . Secondary . | . . . Self-Inflicted Damage . | . . . Shots . | . . . Rammed . | . . . Targets Rammed . | . . . Kicked . | . . . Crushed . | . . . Highest Temperature 66 | . 5 66 Average Temperature 18 | . 5 20 Received Heat Transfer 315 | . 204 111 Siege Activations . | . . . Robots Corrupted . | . . . Combat Hostiles . | . . . Parts Fried . | . . . Impact Corruptions . | . . . Robots Melted . | . . . Combat Hostiles . | . . . Parts Melted 1 | . . 1 Heat Transferred 370 | . . 370 Parts Sabotaged . | . . . Parts Stolen . | . . . Parts Stripped . | . . . Power Chain Reactions . | . . . Alert | -11 -10 -10 ------- Run | Yrd Mat Min Peak Influence 187 | . 187 169 Initial 72 | . . 72 Average 91 | . 57 119 Maximum Alert Level . | . . . Low Security (%) 100 | 100 100 100 Level 1 . | . . . Level 2 . | . . . Level 3 . | . . . Level 4 . | . . . Level 5 . | . . . High Security . | . . . Max Security . | . . . Squads Dispatched 1 | . 1 . Investigation . | . . . Extermination . | . . . Reinforcement 1 | . 1 . Assault . | . . . Garrison . | . . . Intercept . | . . . Searches Triggered . | . . . Construction Impeded . | . . . Haulers Reinforced . | . . . Active Scanning Responses . | . . . Cargo Convoy Interrupts . | . . . Stealth | -11 -10 -10 --------- Run | Yrd Mat Min Distress Signals 1 | . 1 . Communications Jammed . | . . . Distress Signals . | . . . Times Spotted 18 | . 11 7 Peak Tracking Total 6 | . 6 3 Tactical Retreats . | . . . Traps | -11 -10 -10 ------- Run | Yrd Mat Min Traps Triggered . | . . . Indirectly . | . . . Trap Hack Attempts . | . . . Triggered . | . . . Disarmed . | . . . Reprogrammed . | . . . Reused . | . . . Traps Extracted . | . . . Installed . | . . . Triggered . | . . . Machines | -11 -10 -10 ---------- Run | Yrd Mat Min Machines Disabled . | . . . Max in Single Turn . | . . . Machines Repaired . | . . . Machines Dismantled . | . . . Machines Sabotaged . | . . . Overloaded Fab Kills . | . . . Hacking | -11 -10 -10 --------- Run | Yrd Mat Min Machines Accessed 2 | . 2 . Terminals 1 | . 1 . Fabricators . | . . . Repair Stations 1 | . 1 . Recycling Units . | . . . Scanalyzers . | . . . Garrison Access . | . . . Total Hacks 6 | . 6 . Successful 3 | . 3 . Failed 3 | . 3 . Catastrophic . | . . . Database Lockouts . | . . . Manual . | . . . Terminals 3 | . 3 . Fabricators . | . . . Repair Stations 3 | . 3 . Recycling Units . | . . . Scanalyzers . | . . . Garrison Access . | . . . Terminal Hacks 2 | . 2 . Record 2 | . 2 . Fabricator Hacks . | . . . Repair Station Hacks 1 | . 1 . Scan Component 1 | . 1 . Recycling Unit Hacks . | . . . Scanalyzer . | . . . Garrison Access Hacks . | . . . Unauthorized Hacks . | . . . Terminals . | . . . Fabricators . | . . . Repair Stations . | . . . Recycling Units . | . . . Scanalyzers . | . . . Garrison Access . | . . . Data Cores Recovered . | . . . Used . | . . . Hacking Detections 2 | . 2 . Full Trace Events 1 | . 1 . Feedback Events . | . . . Feedback Blocked . | . . . Robot Schematics Acquired . | . . . Robots Built . | . . . Authchips . | . . . Time . | . . . Total Robot Build Rating . | . . . Part Schematics Acquired . | . . . Parts Built . | . . . Authchips . | . . . Time . | . . . Total Part Build Rating . | . . . Parts Repaired . | . . . Time . | . . . Parts Recycled . | . . . Recycled Matter . | . . . Retrieved Matter . | . . . Retrieved Components . | . . . Parts Scanalyzed . | . . . Part Schematics Acquired . | . . . Parts Damaged . | . . . Bothacking | -11 -10 -10 ------------ Run | Yrd Mat Min Used RIF Installer . | . . . Robots Hacked . | . . . Non-combat . | . . . Combat . | . . . Robot Hacks Applied . | . . . Relay Couplers Released . | . . . Fabnet Peak Effective % . | . . . Robots Rewired . | . . . Allies Hacked . | . . . Hacks Repelled . | . . . Allies | -11 -10 -10 -------- Run | Yrd Mat Min Total Allies 1 | . . 1 Largest Group 1 | . . 1 Highest-Rated Group 31 | . . 31 Highest-Rated Ally 31 | . . 31 Total Orders . | . . . Ally Attacks 3 | . . 3 Total Damage 43 | . . 43 Kills . | . . . Allies Corrupted . | . . . Allies Melted . | . . . Intel | -11 -10 -10 ------- Run | Yrd Mat Min Robot Analysis Total . | . . . Derelict Logs Recovered 1 | . . 1 Drone Launches . | . . . Drone Recoveries . | . . . Exploration | -11 -10 -10 ------------- Run | Yrd Mat Min Turns Passed 851 | 51 295 505 Spaces Moved 503 | 40 170 293 Core 12 | 12 . . Treads . | . . . Legs 491 | 28 170 293 Wheels . | . . . Hover . | . . . Flight . | . . . Fastest Speed 50 | 50 120 120 Average Speed 133 | 99 123 144 Slowest Speed 190 | 120 190 190 Overloaded Moves . | . . . Propulsion Burnouts . | . . . Robots Hopped . | . . . Cave-ins Triggered . | . . . Exploration Rate (%) 33 | 4 36 60 Regions Visited 2 Branch Regions 1 Pre-discovered Areas . | . . . Known Exits Taken . | . . . Unknown Exits Taken 2 | 1 1 . Scrap Searched 1 | . . 1 Spaces Dug 1 | . . 1 Terrain Destroyed 2 | . . 2 Melee . | . . . Projectile 2 | . . 2 AOE . | . . . Terrain Rammed . | . . . Walls Destroyed . | . . . Machines Disabled . | . . . Actions | -11 -10 -10 --------- Run | Yrd Mat Min Total 600 | 51 212 337 Wait 15 | . 9 6 Move 501 | 39 169 293 Hop . | . . . Pick Up 20 | 8 7 5 Fast Attach . | . . . Attach 10 | 4 4 2 Detach . | . . . Swap 4 | . . 4 Drop 3 | . 1 2 Fire 47 | . 22 25 Melee . | . . . Ram . | . . . Kick . | . . . Crush . | . . . Escape Stasis . | . . . Rewire . | . . . Trap . | . . . Miscellaneous . | . . . Route ------- -11/Scrapyard -10/Materials -10/Mines History --------- Turn | Location | Event 19 | -11/Scrapyard | Discovered new exit (range 16) 52 | -11/Scrapyard | Entered Materials 311 | -10/Materials | Discovered new exit (range 11) 322 | -10/Materials | Build established: Mutant 347 | -10/Materials | Entered Mines 358 | -10/Mines | Core integrity fell below 50% 435 | -10/Mines | Received a Mining Laser from a helpful Derelict 561 | -10/Mines | Learned Materials stockpile data 597 | -10/Mines | Core integrity fell below 20% 852 | -10/Mines | Destroyed by G-34 Mercenary with Small Laser Last Messages --------------- Acquired 21 matter. K-01 Serf collects debris. Acquired 10 matter. K-01 Serf collects debris. R-06 Scavenger collects Sml. Laser. R-06 Scavenger collects Particle Gun. K-01 Serf collects debris. Searching scrap... Found Beam Cannon. Found 12 Matter. Found Wheel. Found 20 Matter. G-34 Mercenary suffers critical hit (Burn). G-34 Mercenary heat short circuits Heat Sink. G-34 Mercenary suffers critical hit (Burn). G-34 Mercenary overheating. Melted Ion Engine. G-34 Mercenary overheating. G-34 Mercenary heat damages core (-5). G-34 Mercenary overheating. Map ----- +----------------------------------------------------+ | ?????????# ## ### ##??# | | ?????????# ##?###??# | | ?????????## ##???????# | | ??????????#### % ##????????## | | ?????????????## ##?????????### | | ??????????????# *######??????? | | ??????????????## ## #??????? | | ???????????????## #### ### #??????? | | ????????????????# #??# ###" #??????? | | ????????????????# #??## #?## #??????? | | ????????????????# #???### #??# #??????? | | ????????????????# #?????# #??# #??????? | | ????????????????# #?????# #??# #??????? | | ????????????????# #?????# #??# #??????? | | ????????????????# #?????# #### ######?? | | ????????????????# #?????# #?? | | ????????????????# #?????# #?? | | ????????# ####### #?????########### #?? | | ????????# ]%## #???????????????# #?? | | ????????######%= #???????????????# #?? | | ?????????????# ####???????????????# #?? | | ?????????????# #????????????????### ##? | | ?????????????# #???????????????## #? | | ?????????????# #???????????????# ## | | ?????????????# ######??????????# | | ?????????????# @ g #??????????## ### | | ?????????????###### #???????????# ###?# | | ??????????????????# #???????????# ????## | | ??????????????????# #???????????# ?????? | | ??????????????????# ####????????#??????? | | ??????????????????# #??????????????## | | ??????????????????#### #????????# # # | | ?????????????????????# #?????? # | | ?????????????????????# ##### # | | ?????????????????????# #??????? | | ?????????????????????###### #?????? | | ???????????????????????????# #?????? | | ????????????????????????????## #?????? | | ??????????????????????????????? #????? | | ???????????????????????????????? ##????? | | ?????????????????????????????????#?????? | | ???????????????????????????????????????? | | ???????????????????????????????????????? | | ???????????????????????????????????????? | | ???????????????????????????????????????? | | ???????????????????????????????????????? | | ???????????????????????????????????????? | | ???????????????????????????????????????? | | ???????????????????????????????????????? | | ???????????????????????????????????????? | +----------------------------------------------------+ Best States ------------- Heat Dissipation 39 Energy Generation 14 Energy Capacity 250 Matter Stores 300 Matter Capacity 300 Sight Range 16 Terrain Scan Density 10 Evasion (%) 55 Item Schematics ----------------- None Robot Schematics ------------------ None Fabricated ------------ Nothing Alien Tech Used ----------------- None Achievements -------------- None Challenges ------------ None Game ------ Seed NullPhysicsTearclaws Manual? 0 Play Time 00:10:05 Cumulative 2.5 hours Start 2024.04.11 @ 16:13:56 End 2024.04.11 @ 16:23:24 Sessions 1 Manual Loads 0 Difficulty Rogue Special Mode None Game No. 5 Rogue 5 Adventurer 0 Explorer 0 Win Type - Total 0 Types 0/0/0/0/0/0/0/0/0 Lore% 2 Gallery% 6 Achievement% 6 Wizard Run 0 Options --------- Layout 1 ASCII 0 Keyboard 0 Movement Mouse Keybinds 0 Fullscreen 2 Font 24/Crisp Map View 50x35 Zoom Use 0% Tactical HUD 0 Map Filters NONE Filters NONE Steam 1 RUN: c5224b14-916f-4e1a-96b6-930267614748